Map: Temple gelé

Players

zidar - Winner!

  • Race: Zerg Zerg
  • League: Platinum
  • Spawn Location: 11:00

shadow

  • Race: Terran Terran
  • League: Platinum
  • Spawn Location: 5:00

VOD

Have the link to the VOD?

Description

Time

  • Played on: Nov. 14, 2016, 10:11 a.m.
  • Length: 28:10
Show
View Real Time Build Order
Export as new Build Order

zidar Zerg - Winner!

Build Orders: Hatch First, Muta Ling Bane 

Get SALT Encoding   

  12  0:02  Drone  
  13  0:12  Overlord  
  13  0:17  Drone  
  14  0:30  Drone  
  14  0:31  Drone  
  16  0:50  Hatchery  
  16  0:52  Drone  
  16  0:58  Extractor  
  16  0:59  Drone  
  19  1:18  Drone x3  
  19  1:30  Spawning Pool  
  18  1:35  Drone  
  18  2:17  Queen x2  
  18  2:18  Metabolic Boost  
  18  2:20  Zergling x2  
  18  2:21  Zergling x4  
  25  2:33  Evolution Chamber  
  24  2:41  Drone x3  
  24  2:42  Baneling Nest  
  24  2:43  Drone  
  27  2:50  Overlord  
  26  3:27  Drone x6  
  26  3:34  Lair, Extractor  
  31  3:35  Pneumatized Carapace  
  30  3:55  Zergling x2  
  30  3:56  Overlord, Zergling x2  
  32  4:26  Drone x4  
  32  4:29  Zerg Melee Weapons Level 1  
  36  4:36  Evolution Chamber  
  35  4:40  Drone x7  
  42  4:52  Baneling x4  
  42  5:01  Zergling x4  
  42  5:04  Overlord x3  
  44  5:15  Overlord x2  
  44  5:38  Centrifical Hooks, Extractor  
  44  5:39  Extractor  
  42  5:43  Zerg Ground Armor Level 1  
  42  5:46  Zergling x12  
  42  5:49  Baneling  
  46  6:14  Drone x3  
  46  6:15  Drone  
  50  6:23  Drone x5  
  55  6:27  Baneling x2  
  55  6:28  Baneling x3  
  55  6:37  Infestation Pit  
  54  6:49  Drone x2  
  54  6:50  Hatchery, Drone x3  
  58  6:54  Zergling x8  
  62  7:01  Zerg Melee Weapons Level 2  
  62  7:11  Spire  
  56  7:33  Spore Crawler  
  56  7:34  Spore Crawler  
  49  7:44  Baneling x2  
  49  7:56  Overseer  
  49  8:00  Hive  
  49  8:01  Drone x5  
  49  8:02  Drone x9  
  61  8:27  Mutalisk  
  61  8:28  Mutalisk x5  
  73  8:46  Overlord  
  73  8:47  Overlord x3  
  73  8:56  Baneling x2  
  73  9:02  Zerg Ground Armor Level 2  
  73  9:16  Queen  
  75  9:18  Drone  
  75  9:19  Drone x12  
  83  9:34  Drone  
  83  9:38  Drone x4  
  88  9:41  Drone  
  89  9:48  Ultralisk Cavern  
  88  9:56  Extractor  
  88  9:58  Extractor  
  86  10:00  Adrenal Glands  
  86  10:03  Zergling x20  
  96  10:08  Baneling x9  
  96  10:52  Zergling x14  
  96  10:53  Zergling x4  
  96  10:56  Chitinous Plating  
  105  10:59  Zerg Melee Weapons Level 3  
  105  11:01  Hatchery  
  104  11:06  Zergling x2  
  104  11:08  Overlord x6  
  103  11:19  Overlord  
  103  11:20  Overlord x5  
  103  11:30  Drone  
  94  12:14  Mutalisk  
  88  12:23  Ultralisk x4  
  88  12:24  Ultralisk  
  88  12:25  Corruptor x2  
  116  12:36  Drone x8  
  116  12:37  Drone x5  
  129  12:55  Corruptor x2  
  133  13:05  Zerg Ground Armor Level 3  
  133  13:26  Drone x6  
  139  13:29  Hatchery  
  138  13:45  Zerg Flyer Armor Level 1  
  138  13:49  Zergling x14  
  138  13:50  Zergling x2  
  146  14:07  Ultralisk  
  152  14:28  Baneling x7  
  88  15:12  Zergling x34  
  88  15:13  Zergling x6  
  84  15:39  Ultralisk x3  
  84  15:40  Ultralisk  
  108  15:44  Baneling x11  
  108  15:45  Baneling x2  
  108  15:57  Ultralisk  
  114  16:11  Ultralisk  
  120  16:28  Corruptor x4  
  120  16:29  Corruptor  
  130  16:52  Drone  
  130  16:53  Drone x6  
  137  17:02  Hatchery  
  137  17:06  Ultralisk  
  94  18:12  Ultralisk  
  100  18:13  Ultralisk x4  
  100  18:14  Ultralisk x2  
  136  18:24  Corruptor  
  136  18:25  Corruptor x2  
  142  19:11  Extractor  
  142  19:12  Corruptor x3  
  142  19:13  Extractor  
  146  19:32  Extractor  
  146  19:34  Extractor  
  144  19:50  Zergling x8  
  144  19:51  Zergling x58  
  144  19:52  Zergling x18  
  186  20:05  Drone  
  187  20:15  Drone  
  187  20:21  Baneling x13  
  188  20:22  Baneling x4  
  116  21:40  Ultralisk  
  116  21:41  Ultralisk x3  
  116  21:42  Ultralisk, Corruptor x3  
  116  21:43  Corruptor x2  
  116  21:45  Zergling x2  
  157  22:20  Hatchery  
  154  23:39  Hatchery  
  153  23:42  Ultralisk x2  
  153  23:43  Ultralisk x2, Zergling x14  
  153  23:44  Zergling x8  
  104  24:46  Ultralisk  
  104  24:47  Ultralisk x4  
  104  24:48  Ultralisk x2  
  104  24:50  Corruptor x3  
  128  25:08  Ultralisk x3, Zergling x2  
  128  25:09  Zergling x12  
  153  25:50  Extractor  
  92  26:53  Mutalisk  
  68  26:56  Ultralisk x2  
  68  26:57  Ultralisk x4  
  104  27:11  Extractor  
  103  27:19  Zergling x38  
  103  27:20  Zergling x4  
  124  27:40  Corruptor x4  
  124  27:41  Corruptor x2  
Show
View Real Time Build Order
Export as new Build Order

shadow Terran 

Build Orders:  

Get SALT Encoding   

  12  0:00  SCV  
  13  0:13  SCV  
  14  0:18  Supply Depot  
  14  0:25  SCV  
  15  0:31  Refinery  
  15  0:41  Barracks  
  15  0:45  SCV  
  16  0:57  SCV  
  17  1:09  Refinery  
  17  1:10  SCV  
  18  1:22  SCV  
  19  1:30  Reaper, Supply Depot  
  20  1:34  SCV  
  22  1:49  Orbital Command  
  21  1:57  Supply Depot  
  21  2:14  Marine  
  22  2:24  Command Center  
  22  2:28  SCV  
  23  2:35  Factory  
  23  2:40  SCV  
  23  2:42  Marine  
  25  3:20  Marine  
  25  3:25  Factory Tech Lab  
  26  3:33  Bunker  
  26  3:37  SCV  
  26  3:38  Marine  
  28  3:43  Starport  
  28  3:49  SCV  
  28  3:50  Orbital Command  
  28  3:52  Factory Tech Lab  
  29  3:56  Marine  
  29  4:01  SCV  
  31  4:08  Engineering Bay  
  31  4:13  Marine, SCV  
  33  4:25  SCV  
  33  4:26  Siege Tank  
  37  4:37  Supply Depot  
  37  4:42  SCV  
  38  4:48  Marine  
  38  4:51  Banshee  
  42  4:54  SCV  
  43  5:02  Barracks, Terran Infantry Weapons Level 1  
  43  5:05  Barracks  
  43  5:06  Marine, SCV  
  45  5:13  Siege Tank  
  48  5:18  SCV  
  49  5:24  Marine  
  50  5:43  Missile Turret, Supply Depot  
  50  5:44  SCV  
  50  5:49  Missile Turret  
  51  5:54  Refinery  
  51  5:56  SCV  
  52  5:59  Refinery  
  52  6:01  Barracks Reactor  
  52  6:02  Barracks Tech Lab  
  52  6:14  Starport Reactor  
  52  6:20  Missile Turret  
  52  6:22  SCV x2  
  54  6:34  SCV x2  
  56  6:44  Stimpack  
  56  6:46  SCV  
  56  6:47  SCV  
  58  6:51  Medivac x2  
  58  6:52  Starport  
  62  6:55  Barracks  
  62  6:56  Marine x3, Terran Infantry Armor Level 1  
  62  6:57  Marine  
  62  6:59  SCV x2  
  68  7:11  SCV x2  
  70  7:49  Cloaking Field  
  70  7:57  Supply Depot  
  70  8:03  Supply Depot  
  70  8:07  Supply Depot x3  
  70  8:09  Armory  
  70  8:18  Marine x3, SCV x2, Siege Tank  
  70  8:19  Marine, Medivac x2  
  83  8:26  Missile Turret  
  83  8:30  SCV x2  
  83  8:32  Supply Depot  
  85  8:34  Command Center  
  85  8:35  Missile Turret  
  85  8:36  Marine x3  
  85  8:40  Supply Depot  
  88  8:42  Barracks Reactor  
  88  8:46  Marauder  
  90  8:49  Barracks, Liberator  
  90  8:54  Marine x3  
  93  9:08  Marauder  
  98  9:11  Marine x3  
  98  9:13  Medivac x2  
  105  9:29  Marine x3, Marauder  
  107  9:32  Liberator  
  107  9:34  Missile Turret  
  107  9:41  Missile Turret  
  107  9:44  Missile Turret  
  107  9:47  Marine x3, Missile Turret  
  107  9:49  Orbital Command  
  107  9:51  Marauder  
  115  9:56  Missile Turret x2  
  115  10:05  Marine  
  116  10:09  Missile Turret  
  116  10:10  Marine  
  116  10:11  Marine x5  
  122  10:23  Marine  
  122  10:27  Viking x2  
  127  10:28  Marine x2  
  127  10:29  Marine x3  
  127  10:30  Marauder, Orbital Command  
  134  10:40  Marine, Liberator  
  135  10:46  Marine x3  
  138  10:51  Marauder  
  138  10:56  SCV, Bunker  
  144  11:08  SCV  
  144  11:13  Marauder  
  146  11:20  SCV  
  147  11:32  SCV  
  148  11:43  Marauder  
  148  11:44  SCV  
  141  11:56  SCV  
  131  12:32  Refinery  
  131  12:33  Refinery  
  131  12:38  Missile Turret, Supply Depot  
  131  12:42  Marine x5, Marauder  
  139  12:45  Barracks Tech Lab  
  138  12:51  Thor  
  138  12:54  Terran Infantry Weapons Level 2  
  138  12:55  Liberator  
  138  12:56  Terran Vehicle Weapons Level 1  
  144  12:59  Marine  
  144  13:03  Marauder, Bunker  
  147  13:06  Supply Depot  
  147  13:10  Viking x2  
  154  13:16  SCV  
  155  13:23  Liberator x2  
  155  13:24  Marauder  
  157  13:28  SCV  
  157  13:31  Supply Depot  
  158  13:34  Sensor Tower  
  158  13:38  Liberator  
  164  13:49  Barracks Reactor  
  164  13:50  Missile Turret  
  164  13:53  Marauder  
  169  14:10  Missile Turret  
  169  14:14  Command Center  
  169  14:15  Marauder  
  171  14:29  Marine x2  
  171  14:30  Sensor Tower  
  173  14:41  Marine x3  
  173  14:42  Marine x3  
  166  14:47  Marine x2  
  166  14:50  Terran Vehicle And Ship Armor Level 1  
  143  14:59  Marine x3  
  120  15:10  Terran Infantry Armor Level 2  
  99  15:18  Marine x4, Marauder x2  
  99  15:19  Marine x2  
  97  15:36  Marine x5  
  97  15:37  Marine  
  97  15:40  Marauder x2, Supply Depot  
  107  15:48  SCV  
  108  15:51  Orbital Command  
  108  15:54  Marine x6  
  114  16:00  SCV  
  114  16:01  Marine, Marauder  
  118  16:08  Bunker  
  118  16:12  Marine x4, SCV, Orbital Command  
  123  16:19  Marauder  
  123  16:24  Bunker  
  125  16:26  Siege Tank  
  128  16:51  Terran Vehicle Weapons Level 2  
  128  16:58  Siege Tank  
  131  17:04  Refinery  
  131  17:07  Refinery  
  131  17:20  Missile Turret  
  131  17:26  Terran Infantry Weapons Level 3  
  94  17:41  Missile Turret  
  73  18:02  Missile Turret  
  66  18:09  Marine x3, Marauder x2  
  66  18:10  Marine  
  65  18:19  Liberator x2  
  60  18:20  Marine x2  
  56  18:27  Marine x4  
  56  18:29  SCV  
  56  18:30  Marauder, SCV x2  
  56  18:31  Marauder  
  67  18:38  Marine x2, Medivac  
  77  18:41  SCV  
  77  18:42  SCV x2  
  80  18:52  Marauder x2  
  80  18:53  SCV  
  80  18:54  SCV x2  
  80  18:55  Orbital Command  
  87  19:02  Liberator x2  
  87  19:05  SCV  
  87  19:06  SCV x2  
  87  19:08  Medivac  
  92  19:13  Marauder x2  
  96  19:17  SCV  
  96  19:18  SCV x2  
  105  19:30  SCV  
  106  19:35  Marauder  
  108  19:42  SCV  
  109  19:54  SCV  
  109  19:57  SCV  
  113  20:00  Marine, Marauder x2  
  113  20:01  Marine x5  
  113  20:05  SCV  
  113  20:06  SCV  
  123  20:09  SCV  
  124  20:18  Marine x6, Refinery  
  124  20:21  Marauder, Liberator x2, SCV  
  132  20:22  Marauder  
  135  20:29  Ghost Academy  
  135  20:31  Barracks  
  135  20:33  SCV  
  136  20:36  Marine x2  
  136  20:40  Viking  
  148  20:42  Marauder  
  148  20:43  Barracks, Marauder  
  148  20:45  SCV  
  131  21:04  Marauder x2  
  131  21:10  Viking  
  119  21:19  Marine x2  
  119  21:20  Marine x4  
  119  21:25  Marauder, Orbital Command  
  127  21:26  Marauder  
  122  21:37  Marine x4  
  126  21:42  Marine x2  
  126  21:47  Marauder x2  
  132  21:55  Marine x3  
  132  21:58  Terran Infantry Armor Level 3  
  132  21:59  Terran Vehicle And Ship Armor Level 2  
  135  22:03  Thor  
  135  22:05  Barracks Tech Lab  
  135  22:06  Personal Cloaking  
  135  22:08  Marauder  
  143  22:09  Marauder  
  145  22:17  Ghost Academy  
  145  22:42  SCV  
  146  22:50  Refinery  
  146  22:51  SCV x3  
  147  22:54  SCV  
  150  23:02  Missile Turret  
  150  23:03  SCV x3  
  153  23:06  Liberator x2, SCV  
  154  23:13  Liberator  
  154  23:15  SCV x3  
  154  23:18  SCV  
  164  23:31  SCV x4  
  103  25:07  Marine, Marauder x2  
  106  25:20  Nuke  
  106  25:25  Marine  
  109  25:28  Marauder  
  109  25:29  Marauder  
  111  25:36  Starport  
  111  25:38  Thor  
  111  25:39  Starport  
  117  25:43  Marine  
  120  25:50  Marauder x2  
  122  26:00  Marine  
  123  26:10  Marine  
  123  26:11  Marine  
  102  26:51  Liberator x2  
  100  26:55  Marine, Marauder x2  
  108  27:12  Thor  
  108  27:13  Marine  
  118  27:16  Marine x2  
  120  27:31  Marine  
  120  27:34  Marine x2  
  123  27:48  Marine  
  124  27:52  Marine  
Tags
 
Add a new tag
Caveats
  • Supply blocks, unpowered buildings, or Contaminate may cause inaccurate times.
  • Supply counts are checked every 10 seconds.